 Dungeon Crawl Stone Soup version bcrawl-1.13.2 (webtiles) character file.

Game seed: 13469486250361190784

160646 Heliosone the Severer (level 17, 0/163 HPs)
             Began as a Twilight Stalker Gladiator on Aug 11, 2019.
             Was the Champion of Qazlal.
             Succumbed to a redback's poison
             ... on level 2 of the Lair of Beasts.
             The game lasted 01:25:11 (25903 turns).

Heliosone the Severer (Twilight Stalker Gladiator) Turns: 25903, Time: 01:25:12

Health: 0/163      AC: 29    Str: 27    XL:     17   Next: 47%
Magic:  0/25       EV: 19    Int:  8    God:    Qazlal [******]
Gold:   1786       SH:  8    Dex: 15    Spells: 16/16 levels left

rFire    . . .     SeeInvis .   V - +9 executioner's axe (elec)
rCold    . . .     Gourm    .   (shield currently unavailable)
rNeg     + + .     Faith    .   l - +0 swamp dragon scales
rPois    +         Spirit   +   c - +0 helmet
rElec    +         Reflect  .   M - +0 cloak
rCorr    .         Harm     .   s - +1 pair of gloves
MR       +....                  T - +0 pair of boots
Stlth    ..........             k - amulet of guardian spirit
HPRegen  0.77/turn              G - +4 ring of protection
MPRegen  0.19/turn              e - ring of Vazaz {+Blink rElec rN++ AC+4 Dex-3}

@: berserking, lethally poisoned (0 -> -16), protected from physical damage,
repel missiles, very quick
A: fangs 3, nightstalker 3, regeneration 1, no potion heal 3, rot immunity,
draining bite, strong jaws, assimilated armour
}: 1/15 runes: decaying
a: Upheaval, Elemental Force, Disaster Area, Renounce Religion, Evoke Blink


You were on level 2 of the Lair of Beasts.
You worshipped Qazlal.
Qazlal was exalted by your worship.
You were not hungry.

You visited 6 branches of the dungeon, and saw 24 of its levels.
You also visited: Ice Cave.

You collected 2059 gold pieces.
You spent 273 gold pieces at shops.

Inventory:

Hand Weapons
 h - the cursed +0 hand axe of Yeast {chop, rN+ Int-2 Dex+3}
   (You found it on level 1 of the Swamp)

   It inflicts extra damage upon your enemies.
   It affects your intelligence (-2).
   It affects your dexterity (+3).
   It protects you from negative energy.
   It has a curse placed upon it.
 A - the cursed +1 battleaxe of Fate {venom, *Rage +Fly rF++ Str+2}
   (You found it on level 3 of the Swamp)

   It poisons the flesh of those it strikes.
   It affects your strength (+2).
   It greatly protects you from fire.
   It lets you fly.
   It may make you go berserk in combat.
   It has a curse placed upon it.
 V - a +9 executioner's axe of electrocution (weapon)
Missiles
 d - 5 throwing nets {!f}
 r - 12 javelins (quivered)
Armour
 c - a +0 helmet (worn)
 l - +0 swamp dragon scales (worn)
 q - +0 acid dragon scales
 s - a +1 pair of gloves (worn)
 t - a scarf of stasis
 M - a +0 cloak (worn)
 T - a +0 pair of boots (worn)
Jewellery
 a - an uncursed ring of poison resistance
 e - the ring of Vazaz (right hand) {+Blink rElec rN++ AC+4 Dex-3}
   (You found it on level 3 of the Lair of Beasts)

   [ring of protection]

   It affects your AC (+4).
   It affects your dexterity (-3).
   It insulates you from electricity.
   It greatly protects you from negative energy.
   It lets you blink.
 k - an amulet of guardian spirit (around neck)
 C - an uncursed ring of see invisible
 G - a +4 ring of protection (left hand)
 U - an uncursed ring of flight
Wands
 b - a wand of iceblast (7)
 u - a wand of random effects (8)
 K - a wand of disintegration (28)
 P - a wand of paralysis (11)
 W - a wand of digging (17)
Scrolls
 g - a scroll of torment
 j - 2 scrolls of identify
 m - 4 scrolls of fear
 n - 13 scrolls of teleportation
 p - a scroll of blinking
 v - a scroll of noise
 w - a scroll of enchant armour
 x - 11 scrolls of remove curse
 z - a scroll of enchant weapon
 L - a scroll of acquirement
Potions
 i - 10 potions of curing
 o - 5 potions of flight
 B - 4 potions of haste
 E - 4 potions of might
 Y - 2 potions of lignification
 Z - a potion of berserk rage
Miscellaneous
 y - a phial of floods
 D - a phial of floods
Comestibles
 f - 33 rations {!d}


   Skills:
 + Level 13.3 Fighting
 - Level 16.0 Axes
 - Level 1.7 Throwing
 + Level 12.9 Armour
 - Level 11.1 Dodging
 - Level 10.1 Invocations


You had 16 spell levels left.
You didn't know any spells.
Your spell library contained the following spells:

 Spells                   Type           Power        Failure   Level  Hunger
 Animate Skeleton         Necr           N/A          50%         1    ##.....
 Apportation              Tloc           #.....       50%         1    ##.....
 Corona                   Hex            #......      50%         1    ##.....
 Flame Tongue             Conj/Fire      #....        50%         1    ##.....
 Pain                     Necr           #...         50%         1    ##.....
 Summon Butterflies       Summ           #.......     50%         1    ##.....
 Ensorcelled Hibernation  Hex/Ice        #.....       65%         2    ###....
 Beckoning                Tloc           #.........   86%         3    ####...
 Call Canine Familiar     Summ           #.......     86%         3    ####...
 Confuse                  Hex            #.......     86%         3    ####...
 Conjure Flame            Conj/Fire      #.......     86%         3    ####...
 Dazzling Spray           Conj/Hex       #.....       86%         3    ####...
 Inner Flame              Hex/Fire       N/A          86%         3    ####...
 Leda's Liquefaction      Hex/Erth       #.........   86%         3    ####...
 Regeneration             Chrm/Necr      #.........   86%         3    ####...
 Tukima's Dance           Hex            #.......     86%         3    ####...
 Vampiric Draining        Necr           #.........   86%         3    ####...
 Animate Dead             Necr           N/A          99%         4    #####..
 Ice Form                 Ice/Tmut       #.......     99%         4    #####..
 Sticky Flame             Conj/Fire      #.......     99%         4    #####..
 Summon Ice Beast         Ice/Summ       #.......     99%         4    #####..
 Alistair's Intoxication  Tmut/Pois      #.......     100%        5    ######.
 Bolt of Draining         Conj/Necr      #.........   100%        5    ######.
 Bolt of Magma            Conj/Fire/Erth #.........   100%        5    ######.
 Fireball                 Conj/Fire      #.........   100%        5    ######.
 Metabolic Englaciation   Hex/Ice        #.........   100%        5    ######.
 Summon Mana Viper        Hex/Summ       #.......     100%        5    ######.
 Bolt of Cold             Conj/Ice       #.........   100%        6    #######
 Freezing Cloud           Conj/Ice/Air   #.........   100%        6    #######
 Invisibility             Hex            #.......     100%        6    #######
 Iron Shot                Conj/Erth      #.........   100%        6    #######
 Ozocubu's Refrigeration  Ice            #.........   100%        6    #######
 Simulacrum               Ice/Necr       #.........   100%        6    #######
 Statue Form              Tmut/Erth      #........    100%        6    #######
 Summon Hydra             Summ           #.........   100%        6    #######
 Shatter                  Erth           #.........   100%        9    #######


Dungeon Overview and Level Annotations

Branches:
Dungeon (12/12)            Temple (1/1) D:4            Lair (6/6) D:10
  Swamp (3/3) Lair:2       Spider (1/3) Lair:2        Slime (0/5) Lair:5
    Orc (1/1) D:11            Elf (0/3) Orc          Vaults (0/3) D:12
 Depths (0/5) D:12

Altars:
Ashenzari
Cheibriados
Dithmenos
Elyvilon
Fedhas
Gozag
Hepliaklqana
Kikubaaqudgha
Lugonu
Makhleb
Nemelex Xobeh
Okawaru
Qazlal
Ru
Sif Muna
Trog
Uskayaw
Vehumet
Wu Jian
Xom
Yredelemnul
Zin
The Shining One
Jiyva

Shops:
D:5 :   D:6 :   D:8 %   D:10 (   D:12 !   Orc ([*=?

Annotations:
D:3 3 runed translucent doors, cirnu's ghost, amateur VSCK
D:4 1 runed translucent door, icckedyourdad's ghost, amateur FrFE
D:12 2 runed translucent doors, sbaton's ghost, novice FoAK
Lair:3 exclusion: 3 oklob plants
Lair:5 3 runed translucent doors, cirnu's ghost, journeyman DsFi
Spider:1 Josephine


Innate Abilities, Weirdness & Mutations

You have razor-sharp teeth.
You are completely attuned to the shadows.
Your natural rate of healing is unusually fast.
Potions cannot restore your health.
You are immune to rotting.
Your bite drains your enemy's life force.
Your bites deal extra damage.
Your stealth is less affected by armour.


Message History

You closely miss the redback. You slice the wolf spider!!
You kill the wolf spider!
Qazlal accepts your kill.
You barely miss the redback.
* * * LOW HITPOINT WARNING * * *
You feel very sick. The redback bites you!
* * * LOW HITPOINT WARNING * * *
The redback bites you.
* * * LOW HITPOINT WARNING * * *
The emperor scorpion stings you but does no damage.
You block the emperor scorpion's attack.
The emperor scorpion claws you but does no damage.
The redback is struck by lightning.
You kill the redback!
Qazlal accepts your kill. You block the redback's attack.
A red film seems to cover your vision as you go berserk!
You feel yourself moving faster!
You feel mighty!
You die...

#........# #........##
##........# #.......P#
#.......## ####.......#
# ####.########.##
########P#.####.††.#.P#
...........###.○@°##.##
...........#^.○†ss#..##
..........##.^.^.##...#
.........##^..^^##...##
........##.....##.....#
..........^^^###<....##
..........^###.......#
######....## #...#P.##
##..)# ########


You could see an emperor scorpion and a redback.

Vanquished Creatures
  Bai Suzhen (Swamp:1)
  Rupert (Lair:2)
  Jorgrun (Swamp:2)
  2 thorn hunters
  Roxanne (D:12)
  Kirke (Swamp:2)
  An orc warlord (D:11)
  An ironheart preserver (D:12)
  2 entropy weavers (Spider:1)
  Nessos (Lair:6)
  A spark wasp (Spider:1)
  Snorg (D:11)
  A yaktaur captain (D:12)
  Fannar (Orc)
  Erolcha (D:11)
  15 hydras
  Harold (Orc)
  A catoblepas (Lair:5)
  7 centaur warriors
  7 alligators
  An ogre mage (D:12)
  8 two-headed ogres
  6 death yaks
  4 orc high priests (Orc)
  Sonja (D:12)
  A deep troll (D:10)
  An unseen horror (D:11)
  A skeletal warrior (D:12)
  A death drake (Swamp:1)
  5 spriggan druids
  2 cyclopes
  7 swamp dragons
  Pikel (D:5)
  8 orc knights
  8 orc sorcerers
  A necromancer (IceCv)
  5 wolf spiders
  An oklob plant (D:10)
  2 manticores
  3 ugly things
  3 ice statues (IceCv)
  A centaur zombie (D:11)
  4 black mambas
  A gargoyle (D:12)
  A torpor snail (Lair:6)
  Joseph (D:8)
  10 cane toads
  3 centaur skeletons
  7 komodo dragons
  4 rime drakes
  6 ice devils (IceCv)
  5 yaktaurs (D:12)
  7 polar bears
  A queen bee (Lair:3)
  5 trolls
  5 jumping spiders
  A harpy zombie (D:12)
  14 hornets
  7 tyrant leeches
  14 blink frogs
  5 bog bodies
  7 hippogriffs
  17 slime creatures
  3 wyverns
  26 redbacks
  19 spriggans
  5 basilisks
  3 shadows
  45 yaks
  4 tarantellas
  Grum (D:8)
  2 wraiths
  4 hogs (Swamp:2)
  3 steam dragons
  26 vampire mosquitoes
  10 insubstantial wisps
  A soldier ant (shapeshifter) (D:12)
  13 swamp worms
  2 acid dragons
  2 wargs (Orc)
  17 water moccasins
  8 porcupines
  A swamp drake (shapeshifter) (D:11)
  12 swamp drakes
  30 orc warriors
  2 sky beasts
  A slave (D:5)
  A meliai simulacrum (D:12)
  4 black bears
  2 ice beasts
  6 necrophages (Lair:3)
  19 wolves
  10 ogres
  4 boggarts (Lair:6)
  14 centaurs
  15 crocodiles
  Blork the orc (D:6)
  13 bullfrogs
  3 big kobolds
  3 gnoll sergeants (D:8)
  2 scorpions
  28 killer bees
  3 wights (D:7)
  An electric eel (Lair:5)
  2 howler monkeys
  A bullfrog zombie (D:7)
  10 crimson imps
  7 hounds
  2 jellies
  17 orc priests
  A draconian simulacrum (IceCv)
  2 bullfrog skeletons
  25 orc wizards
  Ijyb (D:4)
  An iguana (D:5)
  6 worker ants
  A spriggan simulacrum (IceCv)
  A troll simulacrum (IceCv)
  2 centaur simulacra (IceCv)
  2 hound skeletons
  A howler monkey zombie (D:6)
  A howler monkey skeleton (D:5)
  11 gnolls
  12 adders
  3 naga simulacra (IceCv)
  2 ogre simulacra (IceCv)
  2 shadow imps
  12 white imps (D:11)
  3 oozes
  2 adder zombies
  2 adder skeletons
  3 worms
  2 dart slugs
  2 leopard geckos (D:3)
  79 orcs
  4 bats
  3 giant cockroaches
  2 goblins
  9 hobgoblins
  7 jackals
  20 kobolds
  A quokka (D:1)
  A ball python (D:2)
  4 frilled lizards
  9 rats
  A spectral orc (D:2)
  5 briar patches (Swamp:3)
  3 fungi (Lair:6)
  5 plants
905 creatures vanquished.

Vanquished Creatures (collateral kills)
  An orc sorcerer (Orc)
  An orc warrior (Orc)
  A wolf (Lair:3)
  A crocodile (Lair:4)
  4 killer bees (Lair:3)
8 creatures vanquished.

Vanquished Creatures (others)
  A spriggan druid (Swamp:3)
  A rime drake (Swamp:3)
  A spriggan (Swamp:3)
  A human (Swamp:2)
  3 slaves (D:6)
  A bullfrog (D:6)
  A killer bee (Lair:3)
  An orc wizard (D:6)
  9 fungi
  7 plants
  A withered plant (D:4)
27 creatures vanquished.

Grand Total: 940 creatures vanquished

Notes
Turn   | Place    | Note
-------+----------+-------------------------------------------
     0 | D:1      | Heliosone the Vine Stalker Gladiator began the quest for
                  | the Orb.
     0 | D:1      | Reached XP level 1. HP: 12/12 MP: 2/2
   198 | D:1      | Reached skill level 3 in Axes
   198 | D:1      | Reached XP level 2. HP: 13/17 MP: 3/3
   497 | D:1      | Reached XP level 3. HP: 22/22 MP: 4/4
  1328 | D:2      | Found a burning altar of Makhleb.
  1708 | D:2      | Found a basalt altar of Yredelemnul.
  1854 | D:3      | Reached XP level 4. HP: 27/27 MP: 5/5
  1883 | D:3      | Reached skill level 1 in Armour
  1947 | D:3      | Reached XP level 5. HP: 32/32 MP: 6/6
  1947 | D:3      | Noticed an ice beast
  1962 | D:3      | Killed an ice beast
  1962 | D:3      | Reached skill level 4 in Axes
  2092 | D:3      | Gained mutation: You have razor-sharp teeth. [Vine Stalker
                  | growth]
  2092 | D:3      | Reached XP level 6. HP: 37/37 MP: 7/7
  2317 | D:3      | Found a runed translucent gate.
  2318 | D:3      | Found a runed translucent gate.
  2318 | D:3      | Identified the +5 short sword "Hellblazer" {elec, Str+4}
  2318 | D:3      | Noticed cirnu's ghost (amateur VSCK)
  2320 | D:3      | Found a runed translucent gate.
  2381 | D:3      | Found a bloodstained altar of Trog.
  2934 | D:4      | Found a runed translucent door.
  2934 | D:4      | Noticed icckedyourdad's ghost (amateur FrFE)
  3089 | D:4      | Found a staircase to the Ecumenical Temple.
  3133 | D:4      | Reached XP level 7. HP: 31/43 MP: 8/8
  3216 | Temple   | Entered the Ecumenical Temple
  3390 | Temple   | Became a worshipper of Qazlal Stormbringer
  3499 | D:4      | Reached skill level 5 in Axes
  3559 | D:4      | Noticed Ijyb
  3570 | D:4      | Killed Ijyb
  3685 | D:5      | Entered Level 5 of the Dungeon
  3855 | D:5      | Found Lihopux's Book Boutique.
  4216 | D:5      | Reached skill level 5 in Fighting
  4266 | D:5      | Gained mutation: Your bite drains your enemy's life force.
                  | [Twilight Stalker growth]
  4266 | D:5      | Gained mutation: Your stealth is less affected by armour.
                  | [Twilight Stalker growth]
  4266 | D:5      | Gained mutation: You are slightly more attuned to the
                  | shadows. [Twilight Stalker growth]
  4266 | D:5      | Reached XP level 8. HP: 30/49 MP: 8/9
  4478 | D:5      | Found a sparkling altar of Nemelex Xobeh.
  4602 | D:6      | Noticed Blork the orc
  4655 | D:6      | Noticed Pikel
  4695 | D:5      | Killed Pikel
  4695 | D:5      | Reached * piety under Qazlal
  4695 | D:5      | Reached skill level 6 in Axes
  4759 | D:6      | Killed Blork the orc
  4777 | D:6      | Reached XP level 9. HP: 46/55 MP: 10/10
  4783 | D:6      | Reached skill level 5 in Armour
  5065 | D:6      | Reached skill level 7 in Axes
  5152 | D:6      | Found Wuer Orufus's Book Emporium.
  5378 | D:6      | Found an ornate altar of the Wu Jian Council.
  5704 | D:7      | Noticed a komodo dragon
  5712 | D:7      | Killed a komodo dragon
  5712 | D:7      | Reached ** piety under Qazlal
  6101 | D:7      | Reached XP level 10. HP: 63/63 MP: 11/11
  6115 | D:7      | Reached skill level 8 in Axes
  6425 | D:8      | Found Wihuazaf's Food Shop.
  6541 | D:8      | Noticed Grum
  6952 | D:8      | Noticed Joseph
  6970 | D:8      | Killed Joseph
  7051 | D:8      | Reached skill level 5 in Dodging
  7112 | D:8      | Killed Grum
  7124 | D:8      | Reached skill level 9 in Axes
  7334 | D:8      | Reached *** piety under Qazlal
  7940 | D:9      | Reached XP level 11. HP: 25/71 MP: 12/12
  8402 | D:9      | Found a hide-covered altar of Uskayaw.
  8408 | D:9      | Found a blossoming altar of Fedhas.
  8411 | D:9      | Found a deep blue altar of Sif Muna.
  8459 | D:10     | Entered Level 10 of the Dungeon
  8461 | D:10     | Noticed a purple ugly thing
  8469 | D:10     | Killed a purple ugly thing
  8703 | D:10     | Found a staircase to the Lair.
  8768 | D:10     | Noticed an oklob plant
  8893 | D:10     | Noticed a deep troll
  9399 | D:10     | Found Iskuxel's Antique Weapon Boutique.
  9447 | D:10     | Killed a deep troll
  9880 | D:10     | Killed an oklob plant
  9929 | Lair:1   | Entered Level 1 of the Lair of Beasts
  9945 | Lair:1   | Reached skill level 10 in Axes
 10171 | Lair:1   | Reached skill level 10 in Fighting
 10234 | Lair:1   | Noticed an eight-headed hydra
 10244 | Lair:1   | Killed a ten-headed hydra
 10428 | Lair:1   | Gained mutation: You are significantly more attuned to the
                  | shadows. [Twilight Stalker growth]
 10428 | Lair:1   | Reached XP level 12. HP: 75/77 MP: 13/13
 10744 | Lair:2   | Found a staircase to the Swamp.
 10862 | Lair:2   | Got a scorched spear
 10863 | Lair:2   | Identified the cursed +2 spear "Transmigrator" {pierce,
                  | Str+4 Int+8 Dex-2} (You found it on level 2 of the Lair of
                  | Beasts)
 10933 | Lair:2   | Noticed a five-headed hydra
 10940 | Lair:2   | Killed a seven-headed hydra
 10940 | Lair:2   | Reached skill level 11 in Axes
 10940 | Lair:2   | Reached skill level 1 in Invocations
 11555 | Lair:2   | Found a hole to the Spider Nest.
 11608 | Lair:3   | Reached **** piety under Qazlal
 11734 | Lair:3   | Noticed Rupert
 11787 | Lair:2   | Killed Rupert
 11969 | Lair:3   | Reached skill level 5 in Invocations
 11982 | Lair:3   | HP: 5/115 [killer bee (1)]
 11987 | Lair:3   | HP: 3/77 [poisoned by a killer bee]
 12021 | Lair:3   | Reached XP level 13. HP: 12/82 MP: 9/18
 12112 | Lair:3   | Reached skill level 12 in Axes
 12714 | Lair:3   | Got a fine granite ring
 12716 | Lair:3   | Identified the ring of Vazaz {+Blink rElec rN++ AC+4 Dex-3}
                  | (You found it on level 3 of the Lair of Beasts)
 13484 | Lair:4   | Reached skill level 10 in Armour
 14778 | Lair:5   | Reached skill level 13 in Axes
 15161 | Lair:5   | Found a staircase to the Slime Pits.
 15161 | Lair:5   | Found a viscous altar of Jiyva.
 15338 | Lair:5   | Found a runed translucent gate.
 15339 | Lair:5   | Found a runed translucent gate.
 15340 | Lair:5   | Found a runed translucent gate.
 15342 | Lair:5   | Noticed cirnu's ghost (journeyman DsFi)
 15553 | Lair:6   | Entered Level 6 of the Lair of Beasts
 15797 | Lair:6   | Reached skill level 14 in Axes
 15892 | Lair:6   | Noticed Nessos
 15898 | Lair:6   | Killed Nessos
 15898 | Lair:6   | Reached XP level 14. HP: 85/88 MP: 17/19
 16487 | Lair:6   | Reached skill level 15 in Axes
 17329 | D:11     | Reached ***** piety under Qazlal
 17335 | D:11     | Found a frozen archway.
 17351 | IceCv    | Entered an ice cave
 17567 | IceCv    | Reached skill level 16 in Axes
 17961 | IceCv    | Got a wizard robe
 18120 | D:11     | Found a staircase to the Orcish Mines.
 18561 | Orc      | Entered the Orcish Mines
 18562 | Orc      | Noticed Snorg
 18586 | D:11     | Killed Snorg
 18708 | Orc      | Noticed Fannar
 18717 | Orc      | Killed Fannar
 18722 | Orc      | Reached XP level 15. HP: 87/92 MP: 14/20
 18723 | Orc      | Found a staircase to the Elven Halls.
 19032 | Orc      | Found a burning altar of Makhleb.
 19104 | Orc      | Found Edghustoawk's Magic Scroll Shop.
 19108 | Orc      | Bought 3 scrolls of identify for 84 gold pieces
 19108 | Orc      | Bought a scroll of enchant weapon for 105 gold pieces
 19108 | Orc      | Bought a scroll of teleportation for 42 gold pieces
 19108 | Orc      | Bought a scroll of teleportation for 42 gold pieces
 19116 | Orc      | Reached skill level 10 in Dodging
 19158 | Orc      | Reached ****** piety under Qazlal
 19213 | Orc      | Noticed an orc warlord
 19336 | D:11     | Killed an orc warlord
 19522 | Orc      | Noticed Harold
 19540 | Orc      | Killed Harold
 19701 | Orc      | Found Plog's Antique Armour Shoppe.
 19701 | Orc      | Found Foasha's General Store.
 19701 | Orc      | Found Etoudgh's Antique Weapon Emporium.
 19710 | Orc      | Found Ilejuz's Jewellery Shoppe.
 20001 | D:12     | Entered Level 12 of the Dungeon
 20425 | D:12     | Noticed Sonja
 20429 | D:12     | Noticed Erolcha
 20449 | D:11     | Killed Erolcha
 20836 | D:12     | Killed Sonja
 21043 | D:12     | Found a staircase to the Depths.
 21064 | D:12     | Found Darabb's Distillery.
 21075 | D:12     | Noticed Roxanne
 21117 | D:12     | Killed Roxanne
 21117 | D:12     | Gained mutation: You are completely attuned to the shadows.
                  | [Twilight Stalker growth]
 21117 | D:12     | Reached XP level 16. HP: 100/100 MP: 22/22
 21237 | D:12     | Found a large runed translucent door.
 21238 | D:12     | Found a large runed translucent door.
 21238 | D:12     | Noticed sbaton's ghost (novice FoAK)
 21432 | D:12     | Found a gate to the Vaults.
 22007 | Swamp:1  | Entered Level 1 of the Swamp
 22602 | Swamp:1  | Got an ancient hand axe
 22874 | Swamp:2  | Noticed Jorgrun
 22895 | Swamp:2  | Killed Jorgrun
 23032 | Swamp:2  | Noticed Kirke
 23039 | Swamp:2  | Killed Kirke
 23060 | Swamp:2  | Noticed Bai Suzhen
 23231 | Swamp:1  | Killed Bai Suzhen
 23932 | Swamp:3  | Entered Level 3 of the Swamp
 24041 | Swamp:3  | Reached skill level 10 in Invocations
 24056 | Swamp:3  | Noticed a thorn hunter
 24147 | Swamp:2  | Killed a thorn hunter
 24241 | Swamp:2  | Reached XP level 17. HP: 77/108 MP: 17/25
 24600 | Swamp:3  | Identified the cursed +0 hand axe of Yeast {chop, rN+ Int-2
                  | Dex+3} (You found it on level 1 of the Swamp)
 24600 | Swamp:3  | Identified a scroll of acquirement
 24600 | Swamp:3  | Got a decaying rune of Zot
 24706 | Swamp:3  | Identified the cursed +1 battleaxe of Fate {venom, *Rage
                  | +Fly rF++ Str+2}
 25645 | Spider:1 | Entered Level 1 of the Spider Nest
 25648 | Spider:1 | Noticed Josephine
 25902 | Lair:2   | HP: 3/109 [redback (6)]
 25902 | Lair:2   | HP: 1/109 [redback (2)]
 25903 | Lair:2   | Succumbed to a redback's poison

Skill      XL: |  1  2  3  4  5  6  7  8  9 10 11 12 13 14 15 16 17 |
---------------+----------------------------------------------------+-----
Fighting       | 2 3 4 5 6 7 9 10 11 12 13 | 13.3
Axes           | 3 4 5 6 7 9 10 11 14 16 | 16.0
Armour         | 1 2 3 4 6 7 9 10 11 12 | 12.9
Dodging        | 6 9 11 | 11.1
Invocations    | 5 7 10 | 10.1
Throwing       | |  1.7

Action                   |  1- 3 |  4- 6 |  7- 9 | 10-12 | 13-15 | 16-18 || total
-------------------------+-------+-------+-------+-------+-------+-------++-------
Melee: War axe           |   113 |    64 |   202 |       |       |       ||   379
       Bite              |     8 |     8 |    63 |   147 |   249 |   116 ||   591
       Unarmed           |       |       |     4 |       |       |       ||     4
       Broad axe         |       |       |    32 |       |       |       ||    32
       Battleaxe         |       |       |    11 |   347 |       |       ||   358
       Executioner's axe |       |       |       |    44 |   813 |   409 ||  1266
Throw: Javelin           |     6 |    41 |    25 |    36 |    75 |    22 ||   205
       Throwing net      |       |       |       |       |     2 |       ||     2
Invok: Upheaval          |       |       |       |    10 |     9 |     1 ||    20
       Elemental Force   |       |       |       |     4 |     5 |     1 ||    10
       Disaster Area     |       |       |       |       |       |     3 ||     3
 Abil: Evoke Blink       |       |       |       |       |     3 |       ||     3
  Use: Potion            |     1 |       |       |     3 |       |     1 ||     5
       Scroll            |       |     6 |     2 |    14 |    17 |     3 ||    42
 Stab: Sleeping          |       |       |     1 |       |       |       ||     1
       Confused          |       |       |       |       |       |     1 ||     1
  Eat: Chunk             |     3 |     3 |    11 |    15 |    25 |     7 ||    64
       Ration            |       |       |       |     1 |     2 |     3 ||     6
Armor: Leather armour    |    19 |       |       |       |       |       ||    19
       Ring mail         |    18 |    18 |   102 |       |       |       ||   138
       Skin              |       |       |     1 |    59 |       |       ||    60
       Steam dragon scal |       |       |       |    64 |       |       ||    64
       Acid dragon scale |       |       |       |    75 |   367 |   212 ||   654
       Swamp dragon scal |       |       |       |       |       |   101 ||   101
Dodge: Dodged            |    77 |    55 |   157 |   307 |   672 |   484 ||  1752
       Deflected         |       |       |       |       |    47 |    14 ||    61
Block: Other             |       |       |     6 |    84 |   280 |   230 ||   600
